 Dungeon Crawl Stone Soup version 0.26-a0-812-g31a745ddcd (webtiles) character file.

Game seed: 15269137025970456080

267 kae the Ruffian (level 6, 0/49 HPs)
             Began as a Draconian Transmuter on Nov 24, 2020.
             Slain by Crazy Yiuf
             ... wielding a +4 quarterstaff of chaos
              (11 damage)
             ... on level 2 of the Dungeon.
             The game lasted 00:01:36 (2739 turns).

kae the Ruffian (Draconian Transmuter)              Turns: 2739, Time: 00:01:37

Health: 0/49       AC:  2    Str: 14    XL:     6   Next: 0%
Magic:  4/9        EV: 20    Int: 14    God:
Gold:   88         SH:  0    Dex: 16    Spells: 6/10 levels left

rFire    . . .     SeeInvis .     - Unarmed
rCold    . . .     Faith    .   (shield currently unavailable)
rNeg     . . .     Spirit   .   (armour unavailable)
rPois    x         Reflect  .   (helmet currently unavailable)
rElec    .         Harm     .   (cloak currently unavailable)
rCorr    .         Rampage  .   (gloves currently unavailable)
MR       .....                  (boots currently unavailable)
Stlth    +.........             (no amulet)
HPRegen  0.16/turn              (no ring)
MPRegen  0.11/turn              (no ring)

@: spider-form (expiring)
A: tiny, unfitting armour, AC +6
a: End Transformation


You were on level 2 of the Dungeon.
You were a venomous arachnid creature.
You visited 1 branch of the dungeon, and saw 2 of its levels.

You collected 88 gold pieces.

Inventory:

Armour
 d - a +0 pair of gloves (melded)
 i - a scarf of shadows (melded)
Scrolls
 a - 2 scrolls of teleportation {unknown}
 c - 4 scrolls of remove curse
 e - a scroll of fear {unknown}
 f - a scroll of amnesia {unknown}
 h - 2 scrolls of identify {unknown}
Potions
 b - 2 potions of curing


   Skills:
 + Level 2.3 Fighting
 + Level 2.5 Dodging
 * Level 4.2 Unarmed Combat
 + Level 2.6 Spellcasting
 * Level 3.5 Transmutations
 * Level 2.1 Poison Magic


You had 6 spell levels left.
You knew the following spells:

 Your Spells              Type           Power        Failure   Level
a - Beastly Appendage     Tmut           ##....       16%         1
b - Spider Form           Tmut/Pois      #.........   41%         3

Your spell library contained the following spells:

 Spells                   Type           Power        Failure   Level
 Wereblood                Tmut           ##......     21%         2
 Ice Form                 Ice/Tmut       #.......     87%         4
 Blade Hands              Tmut           ##........   93%         5


Dungeon Overview and Level Annotations

Branches:
Dungeon (2/15)

Altars:
Sif Muna

Annotations:
D:2 Crazy Yiuf


Innate Abilities, Weirdness & Mutations

((Your plain brown scales are hard. (AC +6)))
You cannot fit into any form of body armour.
((You are cold-blooded and may be slowed by cold attacks.))


Message History

You feel a numb sensation.
You turn into a venomous arachnid creature.
Your scarf of shadows melds into your body.
Your +0 pair of gloves melds into your body.
The dungeon's light returns to normal.
Crazy Yiuf yells, "Snoogle aubergine light!"
You start resting.
Crazy Yiuf laughs, "Action stair cloud!"
Your transformation is almost over.
You open the door. You hit Crazy Yiuf.
Crazy Yiuf is poisoned.
Crazy Yiuf is moderately wounded.
Crazy Yiuf hits you with a +4 quarterstaff of chaos!
Crazy Yiuf freezes you!
You hit Crazy Yiuf.
Crazy Yiuf looks as sick as possible!
Crazy Yiuf is heavily wounded.
Crazy Yiuf hits you with a +4 quarterstaff of chaos!
* * * LOW HITPOINT WARNING * * *
You are electrocuted!
You die...

#########.# #.# # #.# #.#
### ## #<# #.# #.. .#### ###
### #.. #...# #######..
.##.# #........ ###.# ###
♣♣##..####.. # #.# #)..#♣♣
♣♣.#...##...# #.#
#.))gs♣♣♣♣.P....##.#.. #.#
#...#♣.)♣.P....###.##. #.#
### ♣♣♣)♣..#.## #.##. ##.##
♣♣♣♣♣######.##. ##...##
#..(..... #.###.#######
#####.### .##
##.##.#.################...#
.#
#...........(.............#
.##
##.##.#.################...#


You could see Crazy Yiuf (extremely poisoned).

Vanquished Creatures
  Sigmund (D:2)
  Jessica (D:2)
  2 adders (D:2)
  An ooze (D:1)
  A worm (D:2)
  2 leopard geckos (D:2)
  7 giant cockroaches
  3 goblins
  13 hobgoblins
  5 jackals
  7 kobolds
  5 bats
  3 frilled lizards
  11 rats
62 creatures vanquished.

Notes
Turn   | Place    | Note
-------+----------+-------------------------------------------
     0 | D:1      | kae the Draconian Transmuter began the quest for the Orb.
     0 | D:1      | Reached XP level 1. HP: 16/16 MP: 3/3
   141 | D:1      | Reached XP level 2. HP: 23/23 MP: 3/5
   823 | D:1      | Reached XP level 3. HP: 6/28 MP: 4/6
   828 | D:1      | Learned a level 3 spell: Spider Form
  1628 | D:2      | Found a shimmering blue altar of Sif Muna.
  1844 | D:2      | Noticed Jessica
  1849 | D:2      | Killed Jessica
  1849 | D:2      | Reached skill level 1 in Poison Magic
  1849 | D:2      | Reached XP level 4. HP: 34/36 MP: 5/7
  2330 | D:2      | Noticed Sigmund
  2345 | D:2      | Killed Sigmund
  2345 | D:2      | Reached skill level 4 in Unarmed Combat
  2345 | D:2      | Reached XP level 5. HP: 29/42 MP: 4/8
  2345 | D:2      | Reached XP level 6. HP: 34/49 MP: 4/9
  2652 | D:2      | Found a runed translucent door.
  2653 | D:2      | Noticed Crazy Yiuf
  2739 | D:2      | Slain by Crazy Yiuf

Illustrated notes

Levels and vault maps discovered:
D:1:      lightli_iron_boxes, layout_basic, minmay_tree_intersection,
          skrybe_limestone_x
D:2:      layout_loops_ring, lemuel_tele_altar, uniq_jessica,
          uniq_crazy_yiuf_cottage, uniq_sigmund

Skill      XL: |  1  2  3  4 |
---------------+-------------+-----
Dodging        | 2 |  2.5
Transmutations | 3 |  3.5
Poison Magic   | 1 2 |  2.1
Fighting       | 2 |  2.3
Unarmed Combat | 4 |  4.2
Spellcasting   | |  2.6

Action                   |  1- 3 |  4- 6 || total
-------------------------+-------+-------++-------
Melee: Unarmed           |   117 |    56 ||   173
       Kick              |    16 |     5 ||    21
       Tailslap          |     6 |     2 ||     8
       Punch             |     1 |     1 ||     2
       Headbutt          |    11 |     3 ||    14
 Cast: Beastly Appendage |    31 |     9 ||    40
       Spider Form       |       |     2 ||     2
  Use: Scroll            |     3 |       ||     3
       Potion            |     1 |     2 ||     3
 Stab: Sleeping          |     1 |     1 ||     2
Armor: Skin              |    49 |    15 ||    64
Dodge: Dodged            |    98 |    41 ||   139

Table legend: (Time is in decaauts)
 A = Elapsed time spent in this place.
 B = Non-inter-level travel time spent in this place.
 C = Inter-level travel time spent in this place.
 D = Time resting spent in this place.
 E = Time spent auto-exploring this place.
 F = Levels seen in this place.
 G = Mean time per level.
                   A        B        C        D        E       F      G
               +--------+--------+--------+--------+--------+-----+--------+
         Total |   2727 |   2695 |     32 |     76 |   2176 |   2 | 1363.5 |
       Dungeon |   2727 |   2695 |     32 |     76 |   2176 |   2 | 1363.5 |
               +--------+--------+--------+--------+--------+-----+--------+

Top non-repeatable levels by time:
     D:1: 1546 daAuts
     D:2: 1181 daAuts
